 Dungeon Crawl Stone Soup version 0.28-b1-25-g9875b3fc8c (webtiles) character file.

Game seed: 13901617710383089581

3580 mcbry74 the Destroyer (level 9, -6/62 HPs)
             Began as a Grey Draconian Conjurer on Feb 1, 2022.
             Was a Believer of Sif Muna.
             Killed from afar by Maggie (21 damage)
             ... with a bolt of fire
             ... on level 7 of the Dungeon.
             The game lasted 00:51:02 (9529 turns).

mcbry74 the Destroyer (Grey Draconian Conjurer)     Turns: 9529, Time: 00:51:03

Health: -6/62      AC: 16    Str:  9    XL:     9   Next: 84%
Magic:  8/27       EV: 12    Int: 25    God:    Sif Muna [**....]
Gold:   485        SH:  0    Dex: 10    Spells: 9/20 levels left

rFire   . . .      SeeInvis .   A - staff of conjuration
rCold   + . .      Faith    .   (no shield)
rNeg    . . .      Spirit   .   (armour unavailable)
rPois   .          Reflect  .   (helmet restricted)
rElec   .          Harm     .   z - +2 cloak {Stlth+}
rCorr   .          Rampage  .   x - +0 pair of gloves
Will    .....                   (no boots)
Stlth   +++.......              (no amulet)
HPRegen 0.20/turn               e - ring of protection from cold
MPRegen 0.20/turn               b - ring "Juxiy" {MP+9 Int+2 Slay+4}

@: mesmerised
A: AC +12, amphibious, unfitting armour, cold-blooded
a: Renounce Religion, Channel Magic


You were on level 7 of the Dungeon.
You worshipped Sif Muna.
Sif Muna was pleased with you.
You visited 2 branches of the dungeon, and saw 9 of its levels.
You also visited: Ossuary.

You collected 485 gold pieces.

Inventory:

Hand Weapons
 c - a +1 dagger
 y - a +4 quarterstaff of chaos
Missiles
 l - 28 poisoned darts
 u - 2 throwing nets
 B - 6 boomerangs
Armour
 f - a scarf of shadows
 x - a +0 pair of gloves (worn)
 z - a +2 cloak of stealth (worn)
Magical Staves
 g - a staff of death
 n - a staff of earth
 A - a staff of conjuration (weapon)
Jewellery
 b - the ring "Juxiy" (right hand) {MP+9 Int+2 Slay+4}
   (You acquired it on level 4 of the Dungeon)

   [ring of slaying]

   Int:       It affects your intelligence (+2).
   Slay:      It affects your accuracy & damage with ranged weapons and melee
   (+4).
   MP:        It affects your magic capacity (+9).
 e - a ring of protection from cold (left hand)
Wands
 v - a wand of iceblast (8)
 w - a wand of flame (33)
Scrolls
 d - a scroll of immolation
 h - 7 scrolls of identify
 k - 2 scrolls of fear
 p - 2 scrolls of noise {unknown}
 q - 2 scrolls of magic mapping {unknown}
 t - a scroll of vulnerability {unknown}
 C - a scroll of enchant armour {unknown}
 D - a scroll of teleportation {unknown}
Potions
 a - 2 potions of degeneration {unknown}
 i - 3 potions of resistance {unknown}
 j - 5 potions of haste {unknown}
 m - 2 potions of curing {unknown}
 o - 5 potions of attraction {unknown}
 r - 5 potions of flight {unknown}
 s - 2 potions of invisibility {unknown}
 E - a potion of magic {unknown}


   Skills:
 + Level 6.3 Staves
 - Level 1.7 Dodging
 - Level 1.7 Stealth
 + Level 6.4 Spellcasting
 + Level 9.3 Conjurations
 + Level 3.8 Hexes
 - Level 0.2 Earth Magic
 - Level 0.4 Poison Magic
 + Level 4.5 Evocations


You had 9 spell levels left.
You knew the following spells:

 Your Spells              Type           Power      Damage    Failure   Level
a - Magic Dart            Conj           100%       1d8       1%          1
b - Searing Ray           Conj           100%       2d8       1%          2
c - Fulminant Prism       Conj/Hex       29%        3d14      4%          4
d - Iskenderun's Mystic   Conj/Tloc      47%        2d10      11%         4

Your spell library contained the following spells:

 Spells                   Type           Power      Damage    Failure   Level
 Slow                     Hex            100%       N/A       1%          1
 Dazzling Flash           Conj/Hex       100%       N/A       1%          3
 Confusing Touch          Hex            27%        N/A       4%          3
 Mephitic Cloud           Conj/Pois/Air  36%        N/A       5%          3
 Animate Skeleton         Necr           16%        N/A       7%          1
 Beastly Appendage        Tmut           16%        N/A       7%          1
 Pain                     Necr           32%        1d5       7%          1
 Scorch                   Fire           16%        2d6       11%         2
 Wereblood                Tmut           8%         N/A       11%         2
 Flame Wave               Conj/Fire      47%        2d10      11%         4
 Ignite Poison            Fire/Tmut/Pois 8%         N/A       21%         3
 Spider Form              Tmut/Pois      9%         N/A       21%         3
 Vampiric Draining        Necr           8%         2d6       22%         3
 Freezing Cloud           Conj/Ice/Air   17%        6-21      50%         5
 Summon Ice Beast         Ice/Summ       8%         N/A       56%         4
 Blade Hands              Tmut           4%         N/A       89%         5
 Summon Cactus Giant      Summ           4%         N/A       100%        6


Dungeon Overview and Level Annotations

Branches:
Dungeon (8/15)             Temple (1/1) D:5         Ossuary (visited)
   Lair: D:8-11

Altars:
Ashenzari
Cheibriados
Dithmenos
Fedhas
Gozag
Hepliaklqana
Makhleb
Nemelex Xobeh
Okawaru
Qazlal
Ru
Sif Muna
Trog
Vehumet
Zin
The Shining One

Shops:
D:4 [   D:5 =

Annotations:
D:7 Maggie


Innate Abilities, Weirdness & Mutations

Your dull iron-grey scales are very hard. (AC +12)
You are amphibious.
You cannot fit into any form of body armour.
You are cold-blooded and may be slowed by cold attacks.


Message History

You feel a surge of power!
You erupt in a blast of force!
The mystic blast hits Maggie!
Maggie is moderately wounded.
Maggie is knocked back by the mystic blast.
Casting: Iskenderun's Mystic Blast (dangerous; 11% risk of failure)
Confirm with . or Enter, or press ? or * to list all spells.
Aiming: Searing Ray (safe; 1% risk of failure)
Press: ? - help, Shift-Dir - straight line, f/p - Maggie
Aim: Maggie, wielding a +6 glaive of pain and wearing +0 steam dragon scales (moderately wounded, mesmerising, 83% to hit)
You feel a surge of power!
The searing ray misses Maggie. (Press . to maintain the ray.) Maggie hits you from afar with a +6 glaive of pain!!
* * * LOW HITPOINT WARNING * * *
You writhe in agony.
* * * LOW HITPOINT WARNING * * *
The searing ray hits Maggie!
Maggie is heavily wounded.
Maggie barely misses you.
The searing ray hits Maggie!
Maggie is severely wounded.
Maggie barely misses you.
The searing ray hits Maggie.
Maggie is severely wounded.
You finish channelling your searing ray.
Maggie closely misses you.
Casting: Searing Ray (safe; 1% risk of failure)
Confirm with . or Enter, or press ? or * to list all spells.
Aiming: Searing Ray (safe; 1% risk of failure)
Press: ? - help, Shift-Dir - straight line, f/p - Maggie
Aim: Maggie, wielding a +6 glaive of pain and wearing +0 steam dragon scales (severely wounded, mesmerising, 83% to hit)
You feel a surge of power!
The searing ray hits Maggie!
Maggie is severely wounded. (Press . to maintain the ray.) Maggie casts a spell.
Maggie draws you further into her thrall.
The searing ray hits Maggie.
Maggie is severely wounded.
Maggie gestures at you while chanting. The bolt of fire hits you!!
You die...

#..................##
#.#)#.#....#.#.##..#
#.#)#..............#
#.#.#...####.#.##..#
...................#
.........###.#.##.##
................#.######
(......................#
..............@.@?######
..............#.#.########
........####..#.#........#
...................####.##
........####..#.##.##...#
...................##.###
..)...$.[.......##.##.#
###<#...####..#.##.##.#
..............#.##.##.#


You could see Maggie (mesmerising).

Vanquished Creatures
  Prince Ribbit (D:6)
  Eustachio (D:4)
  The ghost of Manslay the Conjurer, an amateur OpCj (D:4)
  A water moccasin (D:5)
  A black bear (D:6)
  An orc warrior (D:7)
  An ice beast (D:7)
  3 ogres
  A sky beast (D:7)
  2 centaurs (D:7)
  2 phantoms
  3 kobold brigands (D:6)
  A bullfrog (D:7)
  A gnoll sergeant (D:7)
  3 scorpions
  3 water moccasin zombies (Ossuary)
  A wyvern skeleton (D:7)
  3 killer bees (D:8)
  A howler monkey (D:5)
  3 wights (D:8)
  A bullfrog zombie (D:6)
  3 jellies
  A centaur zombie (D:7)
  6 orc priests
  2 hounds
  Crazy Yiuf (D:4)
  A gnoll shaman (D:5)
  A centaur skeleton (D:6)
  2 bullfrog skeletons
  3 iguanas
  2 orc wizards
  A killer bee zombie (D:6)
  A hound skeleton (D:4)
  2 mummies (Ossuary)
  A howler monkey zombie (D:6)
  11 gnolls
  11 adders
  3 adder zombies (Ossuary)
  2 worms (D:3)
  2 dart slugs
  14 orcs
  7 bats
  3 endoplasms
  A giant cockroach (D:2)
  2 gnoll zombies (Ossuary)
  13 goblins
  12 hobgoblins
  4 jackals (D:3)
  5 quokkas
  5 ball pythons
  14 frilled lizards
  4 hobgoblin zombies (Ossuary)
  22 kobolds
  4 kobold zombies (Ossuary)
  An orc zombie (Ossuary)
  5 rats
207 creatures vanquished.

Vanquished Creatures (others)
  13 fulminant prisms
  7 plants (D:4)
20 creatures vanquished.

Grand Total: 227 creatures vanquished

Notes
Turn   | Place    | Note
-------+----------+-------------------------------------------
     0 | D:1      | mcbry74 the Draconian Conjurer began the quest for the Orb.
     0 | D:1      | Reached XP level 1. HP: 14/14 MP: 3/3
   353 | D:1      | Found a faded altar of an unknown god.
   363 | D:1      | Reached XP level 2. HP: 19/20 MP: 5/5
   911 | D:1      | Learned a level 2 spell: Searing Ray
  1138 | D:2      | Reached XP level 3. HP: 23/26 MP: 0/6
  1869 | D:2      | Reached skill level 5 in Conjurations
  2109 | D:3      | Reached XP level 4. HP: 33/33 MP: 3/8
  2349 | D:3      | Noticed a scorpion
  2404 | D:2      | Killed a scorpion
  2405 | D:2      | Reached skill level 1 in Staves
  2405 | D:2      | Reached XP level 5. HP: 30/38 MP: 2/9
  2982 | D:4      | Found a blossoming altar of Fedhas.
  2994 | D:4      | Identified a scroll of acquirement
  2994 | D:4      | Acquired the ring "Juxiy" {MP+9 Int+2 Slay+4}
  3024 | D:4      | Noticed Eustachio
  3063 | D:4      | Killed Eustachio
  3064 | D:4      | Reached skill level 6 in Conjurations
  3064 | D:4      | Reached XP level 6. HP: 23/45 MP: 3/11
  3224 | D:4      | Found Leqoemox's Antique Armour Boutique.
  3509 | D:4      | Found a sand-covered staircase.
  3517 | Ossuary  | Entered an ossuary
  3684 | Ossuary  | Your scales start taking on a dull iron-grey colour.
  3684 | Ossuary  | Reached XP level 7. HP: 44/50 MP: 8/12
  4066 | D:4      | Found an iron altar of Okawaru.
  4095 | D:4      | Reached skill level 7 in Conjurations
  4390 | D:4      | Noticed Manslay's ghost (amateur OpCj)
  4402 | D:4      | Found a runed translucent gate.
  4402 | D:4      | Found a runed translucent gate.
  4416 | D:4      | Found a runed translucent gate.
  4944 | D:4      | Found a runed translucent door.
  4945 | D:4      | Noticed Crazy Yiuf
  4956 | D:4      | Killed Crazy Yiuf
  5136 | D:4      | Killed Manslay's ghost
  5137 | D:4      | Reached XP level 8. HP: 57/57 MP: 15/15
  5243 | D:5      | Entered Level 5 of the Dungeon
  5275 | D:5      | Reached skill level 8 in Conjurations
  5514 | D:5      | Learned a level 4 spell: Fulminant Prism
  5518 | D:5      | Found a staircase to the Ecumenical Temple.
  5524 | Temple   | Entered the Ecumenical Temple
  5573 | Temple   | Became a worshipper of Sif Muna the Loreminder
  5662 | D:5      | Reached skill level 5 in Spellcasting
  5662 | D:5      | Reached skill level 1 in Evocations
  5799 | D:5      | Reached skill level 1 in Hexes
  6006 | D:5      | Learned a level 4 spell: Iskenderun's Mystic Blast
  6244 | D:5      | Found Banoxkuma's Jewellery Shop.
  6687 | D:6      | Reached skill level 5 in Staves
  6852 | D:6      | Reached * piety under Sif Muna
  7008 | D:6      | Noticed Prince Ribbit
  7317 | D:6      | Got the Tome of the Mutagenic Escort
  7329 | D:6      | Reached XP level 9. HP: 51/62 MP: 13/17
  7367 | D:6      | Killed Prince Ribbit
  8125 | D:7      | Reached skill level 9 in Conjurations
  8496 | D:7      | Reached ** piety under Sif Muna
  8875 | D:7      | Found a snail-covered altar of Cheibriados.
  9006 | D:7      | Found a glowing golden altar of the Shining One.
  9514 | D:7      | Noticed Maggie
  9529 | D:7      | Killed from afar by Maggie

Illustrated notes

Levels and vault maps discovered:
D:1:      onia_arrival_pentagram, layout_basic,
          shapermc_ecumenical_altar_mp_highgroup
D:2:      layout_loops_ring
D:3:      layout_rooms
D:4:      cheibrodos_greedy_goblins, layout_gridville,
          okawaru_metal_pillars_1_2, mainiacjoe_overflow_24_doors,
          gammafunk_ghost_split, serial_shops, shop_fountains,
          chequers_ossuary_entry_cave, minmay_lizard_king, uniq_eustachio,
          uniq_crazy_yiuf_cottage
D:5:      layout_basic, minmay_temple_entry_proselytizer, serial_shops,
          nicolae_shop_advertising_works [nicolae_subvault_shop_adworks]
D:6:      layout_basic, amethyst_killhole, hangedman_decor_push,
          uniq_prince_ribbit1
D:7:      layout_basic, marbit_many_paths, kennysheep_slug_shrine,
          hex_intersection, uniq_maggie
D:8:      layout_rooms, serial_shops, kennysheep_mini_moat, uniq_gastronok
Temple:   nicolae_temple_elliptical

Skill      XL: |  1  2  3  4  5  6  7  8  9 |
---------------+----------------------------+-----
Conjurations   | 5 6 7 8 9 |  9.3
Staves         | 1 2 4 5 6 |  6.3
Spellcasting   | 3 4 5 6 |  6.4
Evocations     | 2 4 |  4.5
Hexes          | 2 3 |  3.8
Dodging        | |  1.7
Stealth        | |  1.7
Earth Magic    | |  0.2
Poison Magic   | |  0.4

Action                   |  1- 3 |  4- 6 |  7- 9 || total
-------------------------+-------+-------+-------++-------
Melee: Dagger            |    69 |       |       ||    69
       Tailslap          |     8 |     2 |    15 ||    25
       Staff             |     5 |     9 |    81 ||    95
       Punch             |     1 |     1 |     1 ||     3
       Quarterstaff      |       |       |     1 ||     1
 Cast: Magic Dart        |    54 |    50 |   147 ||   251
       Searing Ray       |       |    15 |    47 ||    62
       Fulminant Prism   |       |       |    13 ||    13
       Iskenderun's Myst |       |       |     3 ||     3
  Use: Scroll            |       |     6 |       ||     6
 Stab: Sleeping          |     3 |       |       ||     3
Armor: Skin              |    40 |    21 |    55 ||   116
Dodge: Dodged            |    54 |    54 |   106 ||   214
